 Dungeon Crawl Stone Soup version 0.26-a0-664-gc8b27b8fc1 (webtiles) character file.

Game seed: 10507183704670910771

6 Descartes the Scratcher (level 1, 0/10 HPs)
             Began as a Felid Wanderer on Oct 13, 2020.
             Slain by a jackal (2 damage)
             ... on level 1 of the Dungeon.
             The game lasted 00:00:29 (141 turns).

Descartes the Scratcher (Felid Wanderer)             Turns: 141, Time: 00:00:30

Health: 0/10       AC:  1    Str:  8    XL:     1   Next: 75%
Magic:  2/2        EV: 17    Int: 13    God:
Gold:   9          SH:  0    Dex: 15    Spells: 0/0 levels left
                                        Lives:  0   Deaths: 0

rFire    . . .     SeeInvis +     - Unarmed
rCold    . . .     Faith    .   (shield unavailable)
rNeg     . . .     Spirit   .   (armour unavailable)
rPois    .         Reflect  .   (helmet unavailable)
rElec    .         Harm     .   (cloak unavailable)
rCorr    .         Rampage  .   (gloves unavailable)
MR       .....                  (boots unavailable)
Stlth    +++.......             (no amulet)
HPRegen  0.03/turn              (no ring)
MPRegen  0.08/turn              (no ring)

@: quick
A: very small, no armour, no weapons or thrown items, stealth, claws 1, fangs 3,
see invisible, speed 1, shaggy fur 1, sharp paws
a: no special abilities


You were on level 1 of the Dungeon.
You visited 1 branch of the dungeon, and saw 1 of its levels.

You collected 9 gold pieces.

Inventory:

Missiles
 d - 32 arrows
Scrolls
 a - a scroll of fear
 e - a scroll of immolation {unknown}
Potions
 b - a potion of heal wounds
 c - 2 potions of lignification


   Skills:
 - Level 3.0 Fighting
 + Level 2.0 Dodging
 + Level 3.2 Stealth
 - Level 4.0 Unarmed Combat


You couldn't memorise any spells.
You didn't know any spells.
Your spell library was empty.

Dungeon Overview and Level Annotations

Branches:
Dungeon (1/15)

Altars:


Innate Abilities, Weirdness & Mutations

You cannot wear armour.
You are incapable of wielding weapons or throwing items.
Your paws allow you to move quietly. (Stealth)
You have sharp claws.
You have razor-sharp teeth.
You have supernaturally acute eyesight. (SInv)
You cover ground quickly.
You are covered in fur. (AC +1)
Your sharp claws are effective at attacking unaware monsters.


Message History

The jackal completely misses you.
You barely miss the jackal.
The jackal is almost dead.
The jackal bites you.
* * * LOW HITPOINT WARNING * * *
The jackal barely misses you.
You scratch the jackal.
You kill the jackal!
Your Dodging skill increases to level 2!
You barely miss the jackal. The jackal misses you.
You scratch the jackal.
The jackal is severely wounded.
The jackal closely misses you.
You closely miss the jackal. Your bite misses the jackal.
The jackal is severely wounded.
The jackal misses you. The jackal barely misses you.
You barely miss the jackal.
The jackal is severely wounded.
The jackal bites you.
You die...

... .)# #.# #.##### #.#
# ...[..##### #.###.##.
#.....# ##.#......
#..##.####........#
#>###..##..@h...†.....#
#......#######........#
#####..# ##.#.....#
#..# #...#.#.# ###..#
###.#.# # #..).# #.#.#
###.#...# #.#.#
..###..# ###...#
###.#.#....... .....#


You could see a jackal.

Vanquished Creatures
  3 jackals (D:1)
  A kobold (D:1)
  A bat (D:1)
5 creatures vanquished.

Notes
Turn   | Place    | Note
-------+----------+-------------------------------------------
     0 | D:1      | Descartes the Felid Wanderer began the quest for the Orb.
     0 | D:1      | Descartes set off with the following items: a scroll of
                  | fear, a potion of heal wounds, 2 potions of lignification
     0 | D:1      | Reached XP level 1. HP: 10/10 MP: 2/2
   141 | D:1      | Slain by a jackal

Illustrated notes

Levels and vault maps discovered:
D:1:      dpeg_arrival_tiny_d, layout_loops_ring

Skill      XL: |  1 |
---------------+----+-----
Stealth        | 3 |  3.2
Dodging        | 2 |  2.0
Fighting       | |  3.0
Unarmed Combat | |  4.0

Action                   || total
-------------------------++-------
Melee: Unarmed           ||    20
       Bite              ||     2
Armor: Skin              ||     1
Dodge: Dodged            ||    23

Table legend: (Time is in decaauts)
 A = Elapsed time spent in this place.
 B = Non-inter-level travel time spent in this place.
 C = Inter-level travel time spent in this place.
 D = Time resting spent in this place.
 E = Time spent auto-exploring this place.
 F = Levels seen in this place.
 G = Mean time per level.
                   A        B        C        D        E       F      G
               +--------+--------+--------+--------+--------+-----+--------+
         Total |    128 |    128 |      0 |      0 |     99 |   1 |  128.0 |
       Dungeon |    128 |    128 |      0 |      0 |     99 |   1 |  128.0 |
               +--------+--------+--------+--------+--------+-----+--------+

Top non-repeatable levels by time:
     D:1: 128 daAuts
